 Dungeon Crawl Stone Soup version 0.27-a0-262-gc50aac273e (webtiles) character file.

Game seed: 2389918752069379464

370 Borgoz the Skirmisher (level 6, 0/52 HPs)
             Began as a Ghoul Gladiator on Feb 5, 2021.
             Slain by a worker ant (3 damage)
             ... on level 4 of the Dungeon.
             The game lasted 00:03:16 (3439 turns).

Borgoz the Skirmisher (Ghoul Gladiator)             Turns: 3439, Time: 00:03:16

Health: 0/52       AC:  5    Str: 16 (18) XL:     6   Next: 70%
Magic:  5/5        EV: 13    Int:  1 (3)  God:
Gold:   151        SH:  0    Dex: 10 (12) Spells: 5/5 levels left

rFire    + . .     SeeInvis .   a - +0 long sword
rCold    + + .     Faith    .   (no shield)
rNeg     + + +     Spirit   .   b - +0 leather armour
rPois    ∞         Reflect  .   c - +0 helmet
rElec    +         Harm     .   (no cloak)
rCorr    +         Rampage  .   (no gloves)
Will     .....                  m - +0 pair of boots {run}
Stlth    +.........             s - amulet of inaccuracy (curse)
HPRegen  0.00/turn              h - ring of flight
MPRegen  0.09/turn              (no ring)

@: resistant, quick
A: claws 1, cold resistance 1, negative energy resistance 3, inhibited
regeneration, torment resistance, unbreathing
a: Evoke Flight


You were on level 4 of the Dungeon.
You visited 1 branch of the dungeon, and saw 4 of its levels.

You collected 151 gold pieces.

Inventory:

Hand Weapons
 a - a +0 long sword (weapon)
Missiles
 d - 2 throwing nets (quivered)
Armour
 b - a +0 leather armour (worn)
 c - a +0 helmet (worn)
 m - a +0 pair of boots of running (worn)
Jewellery
 h - a ring of flight (left claw)
 s - a cursed amulet of inaccuracy (around neck)
Scrolls
 g - a scroll of teleportation
 o - a scroll of enchant weapon
Potions
 f - a potion of degeneration
 i - a potion of brilliance
 k - a potion of haste {unknown}
 n - a potion of mutation {unknown}


   Skills:
 + Level 4.1 Fighting
 + Level 4.0 Long Blades
 - Level 1.7 Throwing
 + Level 2.7 Armour
 + Level 4.1 Dodging


You had 5 spell levels left.
You didn't know any spells.
Your spell library was empty.

Dungeon Overview and Level Annotations

Branches:
Dungeon (4/15)
 Temple: D:4-7

Altars:
Dithmenos
Kikubaaqudgha


Innate Abilities, Weirdness & Mutations

You thrive by killing the living.
You are immune to poison.
You have sharp fingernails.
Your flesh is cold resistant. (rC+)
You are immune to negative energy. (rN+++)
You do not regenerate when monsters are visible.
You are immune to unholy pain and torment.
You can survive without breathing.


Message History

* * * LOW HITPOINT WARNING * * *
The phantom barely misses you.
It was a potion of degeneration.
There was something very wrong with that liquid.
You feel weakened.
You feel dopey.
You feel clumsy. The worker ant barely misses you.
You riposte.
You hit the worker ant but do no damage.
The phantom hits you.
* * * LOW HITPOINT WARNING * * *
The phantom blinks!
You blink.
It was a potion of resistance.
You feel protected. The phantom barely misses you. The worker ant bites you.
* * * LOW HITPOINT WARNING * * *
Unknown command.
It was a potion of lignification.
You feel woody for a moment. The phantom hits you.
* * * LOW HITPOINT WARNING * * *
The worker ant bites you.
You die...

######. ##.......###
#..........## '....>.....'
#..........# .#..........#
...(......$.# ###..........#
.........@B..# #........W..#
##....../....#.. ..(.
.(...........'.. .......
#.####.######... ....... #.. #.#
... ....... ####.# #.# ##
....... #.##.#
#.##########......#
..##.#########.........)........


You could see a phantom and a worker ant.

Vanquished Creatures
  An ogre (D:4)
  An orc priest (D:3)
  An orc wizard (D:4)
  Natasha (thrice) (D:3)
  5 adders
  5 oozes (D:1)
  2 dart slugs (D:1)
  A leopard gecko (D:1)
  7 orcs
  2 ball pythons
  7 bats
  8 giant cockroaches
  9 goblins
  5 hobgoblins
  2 jackals (D:1)
  7 kobolds
  4 frilled lizards
  13 rats
83 creatures vanquished.

Notes
Turn   | Place    | Note
-------+----------+-------------------------------------------
     0 | D:1      | Borgoz the Ghoul Gladiator began the quest for the Orb.
     0 | D:1      | Reached XP level 1. HP: 17/17 MP: 0/0
     1 | D:1      | Found a runed translucent door.
   100 | D:1      | Reached XP level 2. HP: 25/25 MP: 1/1
   380 | D:1      | Reached skill level 1 in Armour
   380 | D:1      | Reached XP level 3. HP: 30/30 MP: 2/2
   707 | D:1      | Reached XP level 4. HP: 13/37 MP: 3/3
  1386 | D:2      | Identified a +0 pair of boots of running (You found it on
                  | level 2 of the Dungeon)
  1728 | D:3      | Found a faded altar of an unknown god.
  1762 | D:3      | Found an ancient bone altar of Kikubaaqudgha.
  1768 | D:3      | Reached XP level 5. HP: 41/45 MP: 4/4
  2136 | D:3      | Noticed Natasha
  2140 | D:3      | Killed Natasha
  2401 | D:3      | Noticed Natasha
  2407 | D:3      | Killed Natasha
  2536 | D:3      | Noticed Natasha
  2551 | D:3      | Killed Natasha
  2552 | D:3      | Reached XP level 6. HP: 40/52 MP: 5/5
  3361 | D:4      | Found a shadowy altar of Dithmenos.
  3439 | D:4      | Slain by a worker ant

Illustrated notes

Levels and vault maps discovered:
D:1:      dpeg_arrival_caged_fury, layout_rooms
D:2:      layout_basic
D:3:      layout_basic, lemuel_crystal_altar, chequers_ecumenical_altar_twisty,
          uniq_natasha
D:4:      layout_basic, kennysheep_little_box, minitemple,
          nicolae_ru_path_of_blood

Skill      XL: |  1  2  3  4  5  6 |
---------------+-------------------+-----
Dodging        | 3 4 |  4.1
Long Blades    | 3 4 |  4.0
Armour         | 1 2 |  2.7
Fighting       | 3 4 |  4.1
Throwing       | |  1.7

Action                   |  1- 3 |  4- 6 || total
-------------------------+-------+-------++-------
Melee: Long sword        |    95 |   180 ||   275
Throw: Throwing net      |       |     1 ||     1
  Use: Scroll            |       |     6 ||     6
       Potion            |       |     3 ||     3
 Stab: Held in net/web   |       |     2 ||     2
       Sleeping          |       |     1 ||     1
Armor: Leather armour    |    59 |    45 ||   104
Dodge: Dodged            |    89 |   136 ||   225
       Rpst.: Long sword |    24 |    52 ||    76

Table legend: (Time is in decaauts)
 A = Elapsed time spent in this place.
 B = Non-inter-level travel time spent in this place.
 C = Inter-level travel time spent in this place.
 D = Time resting spent in this place.
 E = Time spent auto-exploring this place.
 F = Levels seen in this place.
 G = Mean time per level.
                   A        B        C        D        E       F      G
               +--------+--------+--------+--------+--------+-----+--------+
         Total |   3387 |   3252 |    135 |    956 |   1666 |   4 |  846.8 |
       Dungeon |   3387 |   3252 |    135 |    956 |   1666 |   4 |  846.8 |
               +--------+--------+--------+--------+--------+-----+--------+

Top non-repeatable levels by time:
     D:3: 1355 daAuts
     D:1: 959 daAuts
     D:2: 728 daAuts
     D:4: 344 daAuts
